 Dungeon Crawl Stone Soup version 0.19-a0-680-gdf79c29 (webtiles) character file.

1178 Deemzul the Covert (level 8, -4/54 HPs)
             Began as an Octopode Monk on June 16, 2016.
             Was a Follower of Uskayaw.
             Slain by an ice beast (14 damage)
             ... on level 6 of the Dungeon on June 17, 2016.
             The game lasted 00:09:54 (4520 turns).

Deemzul the Covert (Octopode Monk)                  Turns: 4520, Time: 00:09:55

Health: -4/54      AC:  1    Str: 11      XL:     8   Next: 42%
Magic:  8/8        EV: 10    Int:  9 (12) God:    Uskayaw [*.....]
Gold:   245        SH:  0    Dex: 16      Spells: 0 memorised, 7 levels left

rFire  . . .     SeeInvis .       - Unarmed
rCold  . . .     Gourm    .     (no shield)
rNeg   . . .     Faith    .     (helmet restricted)
rPois  .         Spirit   .     l - amulet of harm
rElec  .         Dismiss  .     o - ring of protection from magic
rCorr  .         Reflect  .     (no ring)
SustAt .         Harm     +     (no ring)
MR     +....                    (no ring)
Stlth  ++++++....               (no ring)
                                (no ring)
                                (no ring)
                                (no ring)

@: somewhat resistant to hostile enchantments, very stealthy
A: almost no armour, amphibious, 8 rings, constrict 8, camouflage 1, gelatinous
body 1
a: Stomp, Renounce Religion


You were on level 6 of the Dungeon.
You worshipped Uskayaw.
Uskayaw was aware of your devotion.
You were hungry.

You visited 2 branches of the dungeon, and saw 7 of its levels.

You collected 245 gold pieces.

Inventory:

Jewellery
 l - an amulet of harm (around mantle)
 o - a ring of protection from magic (left tentacle)
Wands
 q - a wand of digging (6/24)
Scrolls
 b - 3 scrolls of enchant armour {unknown}
 c - a scroll of amnesia {unknown}
 d - 2 scrolls of blinking {unknown}
 e - 3 scrolls of random uselessness {unknown}
 i - 5 scrolls of identify {unknown}
 m - a scroll of teleportation {unknown}
 n - 3 scrolls of remove curse {unknown}
 x - 2 scrolls of fear {unknown}
 y - a scroll of noise {unknown}
 A - a scroll of fog {unknown}
Potions
 g - a potion of heal wounds
 k - a potion of curing
 r - a potion of lignification {unknown}
 s - a potion of invisibility {unknown}
 t - a potion of flight {unknown}
 v - a potion of might {unknown}
Books
 z - a book of Maledictions

   Spells                             Type                      Level
   a - Corona                         Hexes                        1
   b - Ensorcelled Hibernation        Hexes/Ice                    2
   c - Confuse                        Hexes                        3
   d - Tukima's Dance                 Hexes                        3
   e - Dazzling Spray                 Conjuration/Hexes            3
Comestibles
 a - 4 bread rations
 f - a royal jelly
 h - 2 beef jerkies
 j - a meat ration
 p - 5 fruits
 w - a slice of pizza


   Skills:
 + Level 4.6 Fighting
 + Level 5.4 Dodging
 + Level 9.5 Stealth
 + Level 6.0 Unarmed Combat


You had 7 spell levels left.
You didn't know any spells.

Dungeon Overview and Level Annotations

Branches:
Dungeon (6/15)             Temple (1/1) D:4

Altars:
Ashenzari
Cheibriados
Dithmenos
Fedhas
Hepliaklqana
Kikubaaqudgha
Makhleb
Pakellas
Qazlal
Ru
Trog
Uskayaw
Xom
Yredelemnul
Zin
The Shining One


Innate Abilities, Weirdness & Mutations

You cannot wear most types of armour.
You are amphibious.
You can wear up to eight rings at the same time.
You can use your tentacles to constrict eight enemies at once.
Your skin changes colour to match your surroundings (Stealth+).
Your rubbery body absorbs attacks. (AC +1)


Message History

Found a stone staircase leading down.
There is an open door here.
You open the door.
An ice beast is nearby!
You tentacle-slap the ice beast.
You tentacle-slap the ice beast, but do no damage.
The ice beast is moderately wounded.
The ice beast hits you. The ice beast freezes you!
You closely miss the ice beast.
The ice beast is moderately wounded.
The ice beast hits you. The ice beast freezes you!
* * * LOW HITPOINT WARNING * * *
You are too injured to fight recklessly!
A sky beast comes into view.
There is an open door here.
There is a stone staircase leading up here.
The ice beast hits you.
* * * LOW HITPOINT WARNING * * *
The ice beast freezes you!
You die...

........#...##....###'###........
#.......#.........##....#........
#.......#...##....##....'........
#.......#...##....##....#........
#.......#...#...........#........
#.......#...#...........#........
#.......#...#...........#........
#.......+...'...Y.......#........
#.......###'###.@.##.##.#........
#####.........#...#####.########.
....#.........#.......'........#.
....#.........#.......#........#.
....#.........#.......#........#.
#####.........#.......#........#.
..............#########...######.
......................#...# #.
......................#...# ##


You could see an ice beast.

Vanquished Creatures
  Sigmund (D:3)
  A water moccasin (D:6)
  A black bear (D:6)
  2 ogres (D:6)
  Blork the orc (D:5)
  A hound (D:6)
  2 centaur zombies
  2 crimson imps (D:6)
  A jelly (D:5)
  2 orc wizards
  2 giant frog skeletons
  Natasha (thrice) (D:3)
  Terence (D:2)
  A hound skeleton (D:4)
  A gnoll (D:5)
  6 adders
  2 shadow imps (D:5)
  An ooze (D:2)
  An adder zombie (D:5)
  3 worms
  3 dart slugs
  5 giant geckos
  15 orcs
  5 bats
  6 giant cockroaches
  5 goblins
  3 hobgoblins
  A quokka (D:6)
  3 ball pythons
  A giant gecko skeleton (D:4)
  4 giant newts
  3 kobolds
  6 rats
95 creatures vanquished.

Notes
Turn   | Place    | Note
--------------------------------------------------------------
     0 | D:1      | Deemzul the Octopode Monk began the quest for the Orb.
     0 | D:1      | Reached XP level 1. HP: 16/16 MP: 1/1
   199 | D:1      | Reached XP level 2. HP: 21/21 MP: 2/2
   242 | D:1      | Reached skill level 3 in Stealth
   755 | D:2      | Reached XP level 3. HP: 26/26 MP: 3/3
  1065 | D:2      | Noticed Terence
  1072 | D:2      | Killed Terence
  1072 | D:2      | Reached skill level 4 in Stealth
  1072 | D:2      | Reached XP level 4. HP: 17/31 MP: 4/4
  1468 | D:3      | Reached skill level 5 in Stealth
  1468 | D:3      | Reached XP level 5. HP: 34/36 MP: 5/5
  1486 | D:3      | Found a bloodstained altar of Trog.
  1522 | D:3      | Noticed Sigmund
  1532 | D:3      | Killed Sigmund
  1532 | D:3      | Reached skill level 6 in Stealth
  1532 | D:3      | Reached XP level 6. HP: 33/43 MP: 6/6
  1553 | D:3      | Found a faded altar of an unknown god.
  1602 | D:3      | Reached skill level 5 in Unarmed Combat
  1722 | D:3      | Found a glowing silver altar of Zin.
  1752 | D:3      | Found a basalt altar of Yredelemnul.
  1755 | D:3      | Found an oddly glowing altar of Pakellas.
  1761 | D:3      | Found a hazy altar of Hepliaklqana.
  1822 | D:3      | Noticed Natasha
  1829 | D:3      | Killed Natasha
  1829 | D:3      | Reached skill level 7 in Stealth
  1851 | D:3      | Noticed Natasha
  1857 | D:3      | Killed Natasha
  1919 | D:3      | Noticed Natasha
  1938 | D:3      | Killed Natasha
  2168 | D:4      | Found a staircase to the Ecumenical Temple.
  2181 | Temple   | Entered the Ecumenical Temple
  2231 | Temple   | Became a worshipper of Uskayaw the Reveler
  2231 | Temple   | Reached * piety under Uskayaw
  2270 | D:4      | Reached XP level 7. HP: 42/47 MP: 3/7
  2929 | D:5      | Entered Level 5 of the Dungeon
  2935 | D:5      | Noticed Blork the orc
  2946 | D:5      | Killed Blork the orc
  2948 | D:5      | Reached ** piety under Uskayaw
  3456 | D:5      | Upgraded the game from 0.19-a0-665-g79b24d5 to 0.19-a0-680-gdf79c29
  3820 | D:6      | Reached skill level 8 in Stealth
  3931 | D:6      | Reached skill level 5 in Dodging
  3960 | D:6      | Reached XP level 8. HP: 16/54 MP: 8/8
  3967 | D:6      | Reached skill level 9 in Stealth
  4520 | D:6      | Slain by an ice beast

Vault maps used:
D:1:      dpeg_arrival_pits, kennysheep_crisscross
D:2:      first_bread, minivault_24, uniq_terence
D:3:      overflow_temple_1_default, grunt_temple_overflow_diamond,
          ecumenical_altar_1, trog_three_pillars_becter, uniq_natasha,
          uniq_sigmund
D:4:      minmay_temple_entry_large_hall, serial_bayou_pond_d
D:5:      uniq_blork_the_orc
Temple:   triangle_lava_temple_12

Skill      XL: |  1  2  3  4  5  6  7  8 |
---------------+-------------------------+-----
Stealth        | 3 4 5 6 7 8 9 |  9.5
Dodging        | 4 5 |  5.4
Unarmed Combat | 5 6 |  6.0
Fighting       | 4 |  4.6

Action                   |  1- 3 |  4- 6 |  7- 9 || total
-------------------------+-------+-------+-------++-------
Melee: Unarmed           |    52 |    80 |   107 ||   239
       Tentacles         |    11 |    22 |    29 ||    62
       Constrict         |    12 |    21 |    25 ||    58
       Punch             |     2 |     3 |     6 ||    11
Invok: Stomp             |       |     1 |     1 ||     2
  Use: Potion            |       |       |     7 ||     7
 Stab: Sleeping          |    15 |     8 |    15 ||    38
       Distracted        |       |     1 |     2 ||     3
  Eat: Chunk             |       |     3 |     8 ||    11
Armor: Skin              |     1 |     4 |     1 ||     6
Dodge: Dodged            |    22 |    38 |    46 ||   106
